Map: Magannatha LE

Players

RavenCrow

  • Race: Zerg Zerg
  • League: Gold
  • Spawn Location: 5:00

LigerMaNN - Winner!

  • Race: Zerg Zerg
  • League: Diamond
  • Spawn Location: 11:00

VOD

Have the link to the VOD?

Description

Time

  • Played on: June 26, 2025, 1:50 a.m.
  • Length: 3:33
Show
View Real Time Build Order
Export as new Build Order

RavenCrow Zerg 

Build Orders: Pool Only 

Get SALT Encoding   

  12  0:03  Drone  
  13  0:22  Spawning Pool  
  13  0:27  Extractor  
  11  0:34  Overlord  
  11  1:09  Zergling x6  
  14  1:22  Zergling x2  
  15  1:31  Zergling x2  
  16  1:36  Metabolic Boost  
  16  1:42  Zergling x2  
  17  1:53  Zergling x2  
  18  2:03  Zergling x2  
  19  2:14  Zergling x2  
Show
View Real Time Build Order
Export as new Build Order

LigerMaNN Zerg - Winner!

Build Orders: Hatch First 

Get SALT Encoding   

  12  0:01  Drone  
  13  0:12  Overlord  
  13  0:23  Drone  
  14  0:34  Drone x2  
  14  0:35  Drone  
  17  0:52  Hatchery  
  17  0:55  Drone  
  17  0:59  Drone  
  18  1:10  Extractor  
  17  1:14  Spawning Pool  
  17  1:17  Drone  
  17  1:20  Drone  
  18  1:28  Drone  
  19  1:38  Overlord  
  19  2:05  Zergling x6, Queen x2  
  26  2:14  Metabolic Boost  
  26  2:16  Drone  
  26  2:17  Drone  
  28  2:24  Drone  
  29  2:34  Zergling x4  
  31  2:38  Spine Crawler  
  30  2:47  Zergling x6  
  31  3:00  Zergling x4  
  28  3:10  Zergling x4  
Tags
 
Matchup
ZvZ
Race
Zerg
Replay Pack
June 2025
Spawn Locations
Cross Positions
Add a new tag
Caveats
  • Supply blocks, unpowered buildings, or Contaminate may cause inaccurate times.
  • Supply counts are checked every 10 seconds.